 Dungeon Crawl Stone Soup version 0.26-a0-540-g8a0c9464d7 (webtiles) character file.

Game seed: 6790733344762426195

112 HoaS the Ruffian (level 4, 0/26 HPs)
             Began as a Gargoyle Gladiator on Aug 25, 2020.
             Slain by an orc wizard
             ... wielding a +0 dagger
              (1 damage)
             ... on level 2 of the Dungeon.
             The game lasted 00:03:10 (1002 turns).

HoaS the Ruffian (Gargoyle Gladiator)               Turns: 1002, Time: 00:03:10

Health: 0/26       AC: 10    Str: 18    XL:     4   Next: 95%
Magic:  4/4        EV: 10    Int:  9    God:
Gold:   59         SH:  0    Dex: 11    Spells: 3/3 levels left

rFire    . . .     SeeInvis .     - Unarmed
rCold    . . .     Faith    .   (no shield)
rNeg     + . .     Spirit   .   d - +0 scale mail
rPois    ∞         Reflect  .   b - +0 helmet
rElec    +         Harm     .   (no cloak)
rCorr    .                      (no gloves)
MR       .....                  (no boots)
Stlth    ..........             (no amulet)
HPRegen  0.08/turn              (no ring)
MPRegen  0.09/turn              (no ring)

@: no status effects
A: negative energy resistance 1, electricity resistance, unbreathing,
petrification resistance, rot immunity, AC +3
a: no special abilities


You were on level 2 of the Dungeon.
You visited 1 branch of the dungeon, and saw 2 of its levels.

You collected 59 gold pieces.

Inventory:

Missiles
 c - 3 throwing nets (quivered)
 f - 6 javelins
Armour
 b - a +0 helmet (worn)
 d - a +0 scale mail (worn)
Scrolls
 a - a scroll of identify
 h - a scroll of blinking
Potions
 e - 2 potions of heal wounds {unknown}
 j - 2 potions of flight
 k - a potion of stabbing {unknown}


   Skills:
 - Level 2.1 Fighting
 - Level 1.7 Throwing
 - Level 2.4 Dodging
 + Level 5.4 Unarmed Combat


You had 3 spell levels left.
You didn't know any spells.
Your spell library was empty.

Dungeon Overview and Level Annotations

Branches:
Dungeon (2/15)

Altars:


Innate Abilities, Weirdness & Mutations

You are resistant to torment.
Your stone body is resilient. (AC +3)
You are immune to poison.
You resist negative energy. (rN+)
You are resistant to electric shocks. (rElec)
You can survive without breathing.
You are immune to petrification.
You are immune to rotting.


Message History

You hit the orc wizard.
You punch the orc wizard, but do no damage.
The orc wizard is lightly wounded.
The orc wizard hits you with a +0 dagger.
* * * LOW HITPOINT WARNING * * *
You completely miss the orc wizard.
The orc wizard is lightly wounded.
The orc wizard hits you but does no damage.
The orc wizard points at you and mumbles some strange words.
You resist with some effort.
You hit the orc wizard.
The orc wizard is moderately wounded.
The orc wizard barely misses you.
You hit the orc wizard.
The orc wizard is severely wounded.
The orc wizard hits you but does no damage.
You hit the orc wizard but do no damage.
The orc wizard is severely wounded.
The orc wizard hits you with a +0 dagger.
You die...

.#. #. # ########..#
.. #. #.
##.........# . .###
#..##..#...#...#..
....
#..#$............#
#...
.#⌠............#
#.##
#$.....)....#.###.##
#)o#...#..##......#
#@).......##......
########..##......
....[.......
##.........
##.#...... #.#......
#.#......
#####....##.#
#...........#


You could see an orc wizard (fast).

Vanquished Creatures
  An orc priest (D:2)
  2 orc wizards (D:2)
  An ooze (D:1)
  A worm (D:2)
  2 dart slugs (D:1)
  A leopard gecko (D:2)
  2 orcs (D:2)
  A bat (D:1)
  3 goblins
  3 hobgoblins
  A ball python (D:1)
  3 kobolds (D:1)
  3 rats
24 creatures vanquished.

Notes
Turn   | Place    | Note
-------+----------+-------------------------------------------
     0 | D:1      | HoaS the Gargoyle Gladiator began the quest for the Orb.
     0 | D:1      | Reached XP level 1. HP: 12/12 MP: 1/1
   150 | D:1      | Reached XP level 2. HP: 17/17 MP: 2/2
   765 | D:2      | Reached skill level 4 in Unarmed Combat
   803 | D:2      | Reached XP level 3. HP: 10/21 MP: 3/3
   963 | D:2      | Reached XP level 4. HP: 20/26 MP: 4/4
   979 | D:2      | Reached skill level 5 in Unarmed Combat
   998 | D:2      | HP: 1/26 [orc wizard/+0 dagger (2)]
  1002 | D:2      | Slain by an orc wizard

Illustrated notes

Levels and vault maps discovered:
D:1:      wheals_arrival_shading, layout_basic
D:2:      cheibrodos_pilgrimage, layout_rooms, chequers_mini_garden

Skill      XL: |  1  2  3  4 |
---------------+-------------+-----
Unarmed Combat | 4 5 |  5.4
Fighting       | |  2.1
Throwing       | |  1.7
Dodging        | |  2.4

Action                   |  1- 3 |  4- 6 || total
-------------------------+-------+-------++-------
Melee: Unarmed           |    88 |    30 ||   118
       Punch             |       |     1 ||     1
  Use: Scroll            |     7 |       ||     7
       Potion            |     1 |       ||     1
Armor: Scale mail        |    50 |    33 ||    83
Dodge: Dodged            |    53 |    27 ||    80

Table legend: (Time is in decaauts)
 A = Elapsed time spent in this place.
 B = Non-inter-level travel time spent in this place.
 C = Inter-level travel time spent in this place.
 D = Time resting spent in this place.
 E = Time spent auto-exploring this place.
 F = Levels seen in this place.
 G = Mean time per level.
                   A        B        C        D        E       F      G
               +--------+--------+--------+--------+--------+-----+--------+
         Total |    992 |    980 |     12 |     88 |    677 |   2 |  496.0 |
       Dungeon |    992 |    980 |     12 |     88 |    677 |   2 |  496.0 |
               +--------+--------+--------+--------+--------+-----+--------+

Top non-repeatable levels by time:
     D:1: 724 daAuts
     D:2: 267 daAuts
